 Dungeon Crawl Stone Soup version 0.30-a0-777-ga9a30cbeda (webtiles) character file.

Game seed: 5224501298291088938

164 InspiredZombie the Ruffian (level 5, -4/42 HPs)
             Began as a Ghoul Gladiator on Feb 14, 2023.
             Slain by an orc
             ... wielding a +0 trident
              (6 damage)
             ... on level 4 of the Dungeon.
             The game lasted 00:16:26 (960 turns).

InspiredZombie the Ruffian (Ghoul Gladiator)         Turns: 960, Time: 00:16:27

Health: -4/42      AC:  7    Str: 20    XL:     5   Next: 45%
Magic:  4/4        EV: 11    Int:  3    God:
Gold:   54         SH:  0    Dex: 10    Spells: 4/4 levels left

rFire   . . .      SeeInvis .      - Unarmed
rCold   + . .      Faith    .    (no shield)
rNeg    + + +      Spirit   .    r - +0 ring mail
rPois   ∞          Reflect  .    b - +0 helmet
rElec   .          Harm     .    g - +0 cloak
rCorr   .          Rampage  .    (no gloves)
Will    .....                    (no boots) Stlth
                                 (no amulet)
HPRegen 0.00/turn                (no ring)
MPRegen 0.09/turn                (no ring)

@: inhibited regen
A: claws 1, cold resistance 1, negative energy resistance 3, inhibited
regeneration, torment resistance 2, devour on kill
a: no special abilities


You were on level 4 of the Dungeon.
You visited 1 branch of the dungeon, and saw 4 of its levels.

You collected 54 gold pieces.

Inventory:

Hand Weapons
 e - a +0 dagger
 i - a +0 club
 l - a +0 dagger
 m - a +0 club
 o - a +0 sling
 q - a +0 dagger
 t - a +0 short sword of venom
Missiles
 c - 3 throwing nets (quivered)
 d - a javelin
 f - 19 stones
Armour
 b - a +0 helmet (worn)
 g - a +0 cloak (worn)
 r - a +0 ring mail (worn)
 u - a +0 scale mail
Scrolls
 a - a scroll of enchant armour {unknown}
 h - 2 scrolls of teleportation {unknown}
 k - a scroll of immolation {unknown}
 n - a scroll of poison {unknown}
 p - a scroll of blinking {unknown}
Potions
 j - a potion of heal wounds {unknown}
 s - a potion of curing


   Skills:
 + Level 2.6 Fighting
 + Level 2.1 Throwing
 + Level 1.1 Armour
 + Level 3.5 Dodging
 + Level 5.1 Unarmed Combat


You had 4 spell levels left.
You didn't know any spells.
Your spell library was empty.

Dungeon Overview and Level Annotations

Branches:
Dungeon (4/15)
 Temple: D:4-7

Altars:
Kikubaaqudgha


Innate Abilities, Weirdness & Mutations

You are immune to poison.
You have sharp fingernails.
Your flesh is cold resistant. (rC+)
You are immune to negative energy. (rN+++)
You do not regenerate when monsters are visible.
You are immune to unholy pain and torment.
You thrive by killing the living.


Message History

An endoplasm comes into view.
The endoplasm quivers.
The endoplasm closely misses you.
You claw the endoplasm!
You kill the endoplasm!
An orc comes into view. It is wielding a +0 club.
The orc shouts!
An orc comes into view. It is wielding a +0 trident.
The orc shouts!
You hear a shout!
You see here a +0 scale mail.
u - a +0 scale mail You scratch the orc but do no damage.
An orc opens the door.
Found 9 stones.
You scratch the orc.
The orc is severely wounded.
The orc barely misses you. The orc closely misses you.
An orc wizard comes into view. It is wielding a +4 dagger.
You scratch the orc.
You kill the orc!
You feel better.
The orc hits you from afar with a +0 trident!
The orc wizard casts a spell.
The orc wizard flickers and vanishes!
Deactivating autopickup; reactivate with Ctrl-A.
The orc barely misses you.
A magic dart appears from out of thin air!
The magic dart hits you!
* * * LOW HITPOINT WARNING * * *
The orc hits you from afar with a +0 trident!
Keep disrobing? [Y]es or [N]o only, please.
Keep disrobing?
* * * LOW HITPOINT WARNING * * *
You start removing your armour.
You continue taking off your +0 ring mail.
The orc hits you from afar with a +0 trident.
* * * LOW HITPOINT WARNING * * *
You continue taking off your +0 ring mail.
The orc hits you from afar with a +0 trident.
You die...

#.#(##...###.####.##.#
#.#.#........# #..#.#
#.#.#........# ##....
#.#.#.##.....# ##..#
#.#.......#..# ##.#
###.##..##########..
#.##.........))...
#.##.############.
#@##....# .
####.......# .
##(###...o....#.# .
#....'........+.# .
#####.).....#.# # .
#.......#<#
#.#...#.### #.......#
#.......#


You could see an orc.

Vanquished Creatures
  A hound (D:4)
  An iguana (D:4)
  4 gnolls (D:4)
  4 adders
  A dart slug (D:4)
  An orc (D:4)
  7 endoplasms
  2 giant cockroaches
  3 goblins
  2 hobgoblins
  A quokka (D:2)
  2 ball pythons
  3 kobolds
  6 rats
38 creatures vanquished.

Notes
Turn   | Place    | Note
-------+----------+-------------------------------------------
     0 | D:1      | InspiredZombie the Ghoul Gladiator began the quest for the
                  | Orb.
     0 | D:1      | Reached XP level 1. HP: 17/17 MP: 0/0
   118 | D:2      | Reached XP level 2. HP: 23/25 MP: 1/1
   130 | D:2      | Reached XP level 3. HP: 28/30 MP: 2/2
   171 | D:2      | Found an ancient bone altar of Kikubaaqudgha.
   596 | D:4      | Reached skill level 4 in Unarmed Combat
   617 | D:4      | Reached XP level 4. HP: 23/37 MP: 3/3
   759 | D:4      | Reached skill level 1 in Armour
   759 | D:4      | Reached XP level 5. HP: 33/42 MP: 4/4
   917 | D:4      | Reached skill level 5 in Unarmed Combat
   959 | D:4      | HP: 2/42 [orc/+0 trident (3)]
   960 | D:4      | Slain by an orc

Illustrated notes

Levels and vault maps discovered:
D:1:      dpeg_arrival_central, layout_basic, serial_shops, nicolae_square_shop,
          shapermc_ecumenical_altar_pompeii, minmay_bisected
D:2:      layout_rooms, basic_altar
D:3:      layout_basic, st_stairs_11
D:4:      layout_basic, temple_hall

Skill      XL: |  1  2  3  4  5 |
---------------+----------------+-----
Dodging        | 3 |  3.5
Throwing       | 2 |  2.1
Unarmed Combat | 4 5 |  5.1
Armour         | 1 |  1.1
Fighting       | |  2.6

Action                     |  1- 3 |  4- 6 || total
---------------------------+-------+-------++-------
  Melee: Unarmed           |    56 |    47 ||   103
    Use: Potion            |       |     2 ||     2
 Armour: Leather armour    |    13 |       ||    13
         Ring mail         |    16 |     9 ||    25
  Dodge: Dodged            |    38 |    16 ||    54

Table legend: (Time is in decaauts)
 A = Elapsed time spent in this place.
 B = Non-inter-level travel time spent in this place.
 C = Inter-level travel time spent in this place.
 D = Time resting spent in this place.
 E = Time spent auto-exploring this place.
 F = Levels seen in this place.
 G = Mean time per level.
                   A        B        C        D        E       F      G
               +--------+--------+--------+--------+--------+-----+--------+
         Total |    950 |    308 |    642 |      0 |      0 |   4 |  237.5 |
       Dungeon |    950 |    308 |    642 |      0 |      0 |   4 |  237.5 |
               +--------+--------+--------+--------+--------+-----+--------+

Top non-repeatable levels by time:
     D:4: 412 daAuts
     D:2: 230 daAuts
     D:3: 200 daAuts
     D:1: 106 daAuts
